AoeStats
← TheKushOverlord

Arena

507895312Analyzed
2v2 RM · 12d ago on Sep 20, 2026· 72m 19s· 4 players
Game mode
Random Map
Map size
Medium (4 player)
Population
200
Speed
Normal
Resources
Standard
Victory
Conquest
Starting age
Dark Age
Ending age
Imperial Age
RankedLock teamsTeams togetherTeam positionsShared explorationLock speedFull tech treeHidden civsTurbo modeCheats
Victory
Defeat
🇨🇴 Romans · Colombia
868
+18
🇨🇴 Byzantines · Colombia
858
+18
🇺🇸 Italians · United States
939
-20
🇺🇸 Goths · United States
868
-16
andres simijaca
7:36 Loom
10:20 Feudal Age
10:47 Double-Bit Axe
10:47 Horse Collar
16:44 Gold Mining
17:10 Stone Mining
20:04 Castle Age
18:22 Man-at-Arms
18:56 Fletching
19:44 Scale Barding Armor
19:32 Arson
20:19 Long Swordsman
21:23 Heavy Plow
21:56 Bow Saw
24:43 Wheelbarrow
25:27 Forging
31:56 Imperial Age
29:56 Hand Cart
30:07 Squires
29:57 Gambesons
31:04 Gold Shaft Mining
31:55 Padded Archer Armor
32:31 Elite Skirmisher
34:50 Leather Archer Armor
36:57 Two-Man Saw
36:48 Ring Archer Armor
37:34 Chemistry
37:51 Thumb Ring
40:06 Murder Holes
40:58 Iron Casting
40:24 Bodkin Arrow
42:37 Bracer
43:03 Ballistics
43:39 Light Cavalry
48:07 Hussar
52:07 Husbandry
52:33 Two-Handed Swordsman
55:18 Chain Barding Armor
58:16 Crop Rotation
57:55 Capped Ram
61:36 Iron Casting
62:09 Siege Ram
63:24 Champion
66:06 Scale Mail Armor
edwinsy22
0:30 Loom
12:34 Feudal Age
14:42 Wheelbarrow
13:49 Horse Collar
18:09 Castle Age
18:19 Gold Mining
22:01 Double-Bit Axe
23:01 Heavy Plow
24:18 Bow Saw
25:29 Gold Shaft Mining
25:59 Hand Cart
26:54 Caravan
26:53 Town Watch
27:38 Scale Mail Armor
27:45 Scale Barding Armor
28:44 Man-at-Arms
29:27 Stone Mining
33:58 Imperial Age
32:02 Ballistas
32:11 Forging
32:17 Chain Mail Armor
32:23 Chain Barding Armor
31:56 Long Swordsman
33:13 Ballistics
34:39 Elite Centurion
36:33 Plate Barding Armor
37:10 Heavy Scorpion
40:01 Chemistry
39:08 Legionary
47:29 Comitatenses
55:18 Town Patrol
60:56 Iron Casting
65:28 Murder Holes
65:43 Masonry
65:44 Fortified Wall
zYaubolz
11:08 Feudal Age
15:41 Castle Age
14:37 Double-Bit Axe
14:35 Horse Collar
15:54 Wheelbarrow
17:30 Fervor
19:38 Loom
22:37 Hand Cart
25:37 Ballistics
28:58 Imperial Age
27:12 Fletching
28:30 Bodkin Arrow
28:47 Forging
28:47 Scale Mail Armor
30:42 Chemistry
30:09 Conscription
30:23 Bracer
33:17 Iron Casting
35:00 Squires
34:46 Arson
36:49 Blast Furnace
36:05 Chain Mail Armor
38:03 Plate Mail Armor
64:34 Fortified Wall
TheKushOverlord
11:43 Feudal Age
13:31 Double-Bit Axe
15:11 Loom
16:05 Wheelbarrow
21:50 Wheelbarrow
23:18 Castle Age
21:42 Man-at-Arms
22:30 Stone Mining
22:35 Gold Mining
22:29 Horse Collar
24:09 Loom
25:38 Long Swordsman
26:32 Forging
26:25 Scale Mail Armor
29:11 Wheelbarrow
34:20 Imperial Age
34:36 Imperial Age
33:07 Squires
33:45 Iron Casting
33:27 Chain Mail Armor
34:30 Hand Cart
35:17 Anarchy
36:56 Perfusion
37:47 Bow Saw
39:26 Conscription
40:03 Fletching
41:37 Bodkin Arrow
42:13 Ballistics
42:20 Masonry
44:32 Chemistry
Connection lost

Rejoining the realm…

Still unreachable

The connection could not be restored.

Session expired

The server has moved on; the page needs a fresh start.